 Dungeon Crawl Stone Soup version 0.27-a0-1144-g0b7d3b79db (webtiles) character file.

Game seed: 2464211662060195920

1029 leviel the Chopper (level 8, 0/70 HPs)
             Began as a Minotaur Fighter on May 10, 2021.
             Was an Initiate of Gozag.
             Engulfed by a cloud of steam (19 damage)
             ... on level 8 of the Dungeon.
             The game lasted 00:06:41 (4459 turns).

leviel the Chopper (Minotaur Fighter)               Turns: 4459, Time: 00:06:42

Health: 0/70       AC:  8    Str: 23    XL:     8   Next: 3%
Magic:  7/7        EV:  8    Int:  5    God:    Gozag
Gold:   437        SH: 10    Dex: 10    Spells: 7/7 levels left

rFire    . . .     SeeInvis .   a - +0 war axe
rCold    . . .     Faith    .   c - +0 kite shield
rNeg     . . .     Spirit   .   b - +0 scale mail
rPois    .         Reflect  .   (helmet restricted)
rElec    .         Harm     .   (no cloak)
rCorr    .         Rampage  .   u - +0 pair of gloves
Will     .....                  (no boots)
Stlth    ..........             (no amulet)
HPRegen  0.21/turn              (no ring)
MPRegen  0.10/turn              (no ring)

@: gold aura
A: horns 2, retaliatory headbutt
a: Renounce Religion, Potion Petition, Call Merchant, Bribe Branch


You were on level 8 of the Dungeon.
You worshipped Gozag.
Gozag was aware of your devotion.
You visited 1 branch of the dungeon, and saw 6 of its levels.

You collected 462 gold pieces.
You paid 25 gold pieces to Gozag.

Inventory:

Hand Weapons
 a - a +0 war axe (weapon)
 v - a +1 mace of venom
Armour
 b - a +0 scale mail (worn)
 c - a +0 kite shield (worn)
 u - a +0 pair of gloves (worn)
Jewellery
 d - a ring of fire
 i - an amulet of reflection
Wands
 j - a wand of flame (55)
Scrolls
 e - 2 scrolls of magic mapping
 f - a scroll of holy word {unknown}
 h - 4 scrolls of fear
 k - 3 scrolls of teleportation {unknown}
 m - a scroll of enchant weapon {unknown}
 p - 3 scrolls of enchant armour {unknown}
 q - a scroll of immolation {unknown}
 s - a scroll of summoning {unknown}
 t - a scroll of blinking {unknown}
Potions
 g - a potion of heal wounds
 l - 2 potions of curing {unknown}
 n - 4 potions of attraction {unknown}
 o - a potion of resistance {unknown}
 r - a potion of lignification {unknown}


   Skills:
 + Level 6.2 Fighting
 * Level 7.1 Axes
 + Level 6.2 Armour
 - Level 1.0 Dodging
 - Level 0.1 Stealth
 + Level 6.2 Shields


You had 7 spell levels left.
You didn't know any spells.
Your spell library contained the following spells:

 Spells                   Type           Power      Damage    Failure   Level
 Animate Skeleton         Necr           0%         N/A       98%         1
 Apportation              Tloc           0%         N/A       98%         1
 Beastly Appendage        Tmut           0%         N/A       98%         1
 Corona                   Hex            0%         N/A       98%         1
 Summon Small Mammal      Summ           0%         N/A       98%         1
 Wereblood                Tmut           0%         N/A       99%         2
 Spider Form              Tmut/Pois      0%         N/A       100%        3
 Ice Form                 Ice/Tmut       0%         N/A       100%        4
 Hydra Form               Tmut           0%         N/A       100%        5


Dungeon Overview and Level Annotations

Branches:
Dungeon (5/15)
 Temple: D:4-7

Altars:
Ashenzari
Gozag

Shops:
D:1 =

Annotations:
D:2 1 runed translucent door, Crazy Yiuf
D:4 2 transporters


Innate Abilities, Weirdness & Mutations

You have a pair of horns on your head.
You reflexively headbutt those who attack you in melee.


Message History

You closely miss the steam dragon.
You headbutt the steam dragon, but do no damage.
The steam dragon is severely wounded.
You block the steam dragon's attack. The steam dragon barely misses you.
You block the steam dragon's attack. The steam dragon barely misses you.
You hit the steam dragon but do no damage.
The steam dragon is severely wounded.
The steam dragon bites you. You block the steam dragon's attack.
You hit the steam dragon but do no damage.
The steam dragon is severely wounded.
You block the steam dragon's attack.
The steam dragon claws you but does no damage.
Your shield and scale mail prevent you from hitting the steam dragon.
You headbutt the steam dragon, but do no damage.
The steam dragon is severely wounded.
The steam dragon closely misses you. You block the steam dragon's attack. x2
The steam dragon claws you.
You hit the steam dragon but do no damage.
Your headbutt misses the steam dragon.
The steam dragon is severely wounded.
The steam dragon bites you. You block the steam dragon's attack.
You hit the steam dragon.
The steam dragon is severely wounded.
The steam dragon bites you but does no damage.
The steam dragon claws you but does no damage.
You barely miss the steam dragon.
The steam dragon is severely wounded.
The steam dragon breathes steam at you. The ball of steam misses you.
The steam dragon bites you. You block the steam dragon's attack.
You closely miss the steam dragon.
The steam dragon is severely wounded.
You are engulfed in a cloud of scalding steam.
* * * LOW HITPOINT WARNING * * *
You block the steam dragon's attack. x2
You slice the steam dragon!!
You kill the steam dragon!
You are engulfed in a cloud of scalding steam.
You die...
Your body crumbles into a pile of gold.

#### ..##+#
#### #§##.#
#A#.8 #§##.#
###..###@##.#
$$
#....'.#$#..#
$ $ #......#
$ #...#..#
#####..#
#......#
#####..# #..#
#..#


There were no monsters in sight!

Vanquished Creatures
  Pikel (D:5)
  Grinder (D:4)
  A steam dragon (D:8)
  An ogre (D:5)
  A centaur zombie (D:5)
  A hound (D:5)
  An iguana (D:4)
  Ijyb (D:3)
  A hound skeleton (D:3)
  7 gnolls
  An adder (D:3)
  4 adder skeletons
  A worm (D:3)
  4 dart slugs
  10 orcs
  6 endoplasms
  A giant cockroach (D:2)
  6 hobgoblins
  15 jackals
  3 kobolds
  A quokka (D:1)
  5 ball pythons
  A ball python skeleton (D:3)
  5 bats
  2 frilled lizards
  5 goblins
  2 jackal skeletons (D:3)
  A quokka skeleton (D:3)
  3 rats (D:1)
92 creatures vanquished.

Vanquished Creatures (others)
  A plant (D:2)
  A withered plant (D:3)
2 creatures vanquished.

Grand Total: 94 creatures vanquished

Notes
Turn   | Place    | Note
-------+----------+-------------------------------------------
     0 | D:1      | leviel the Minotaur Fighter began the quest for the Orb.
     0 | D:1      | Reached XP level 1. HP: 19/19 MP: 0/0
    97 | D:1      | Reached XP level 2. HP: 27/27 MP: 1/1
   186 | D:1      | Found a faded altar of an unknown god.
   289 | D:1      | Found Qaiv Jun's Jewellery Shoppe.
   294 | D:1      | Reached XP level 3. HP: 32/33 MP: 2/2
   901 | D:2      | Found a runed translucent door.
   902 | D:2      | Noticed Crazy Yiuf
   921 | D:2      | Found a broken altar of Ashenzari.
  1044 | D:2      | Reached skill level 3 in Axes
  1109 | D:3      | Found an opulent altar of Gozag.
  1113 | D:3      | Reached XP level 4. HP: 29/41 MP: 3/3
  1342 | D:3      | Became a worshipper of Gozag Ym Sagoz the Greedy
  1363 | D:3      | Noticed Ijyb
  1379 | D:3      | Killed Ijyb
  1380 | D:3      | Reached skill level 1 in Dodging
  1676 | D:3      | Reached XP level 5. HP: 32/47 MP: 4/4
  1800 | D:3      | Reached skill level 4 in Axes
  2349 | D:4      | Found a transporter.
  2568 | D:4      | Found a transporter.
  2790 | D:4      | Noticed Grinder
  2793 | D:4      | Paralysed by Grinder for 6 turns
  2802 | D:4      | Paralysed by Grinder for 6 turns
  2812 | D:4      | Paralysed by Grinder for 4 turns
  2821 | D:4      | HP: 1/47 [Grinder (2)]
  2822 | D:4      | Killed Grinder
  2823 | D:4      | Reached skill level 5 in Fighting
  2823 | D:4      | Reached skill level 5 in Axes
  2823 | D:4      | Reached skill level 5 in Armour
  2823 | D:4      | Reached skill level 5 in Shields
  2823 | D:4      | Reached XP level 6. HP: 1/56 MP: 5/5
  3543 | D:5      | Entered Level 5 of the Dungeon
  3637 | D:5      | Noticed Pikel
  3659 | D:5      | Killed Pikel
  3660 | D:5      | Reached skill level 6 in Axes
  3660 | D:5      | Reached XP level 7. HP: 50/63 MP: 6/6
  3831 | D:5      | Reached skill level 7 in Axes
  4128 | D:5      | Reached XP level 8. HP: 62/70 MP: 7/7
  4426 | D:5      | You fall into a shaft and drop 3 floors!
  4438 | D:8      | Noticed an angel
  4459 | D:8      | Engulfed by a cloud of steam

Illustrated notes

Levels and vault maps discovered:
D:1:      evilmike_arrival_home_sweet_home, layout_rooms,
          basic_ecumenical_altar, serial_shops, shop
D:2:      layout_rooms, basic_altar, serial_bayou_lagoon_b,
          uniq_crazy_yiuf_cottage
D:3:      layout_rooms, nicolae_gozag_seed_capital, serial_undead,
          serial_undead_a, serial_undead_e, serial_undead_a, serial_undead_f,
          serial_undead_c, wad_orctagon, uniq_ijyb
D:4:      gammafunk_steamed_eel, layout_basic, uniq_grinder
D:5:      layout_loops_ring, jmf_multi_god_temple2, uniq_pikel
D:8:      cheibrodos_elevator_heist, layout_loops_corners,
          yredelemnul_forgotten_temple_becter, lemuel_doored_altar,
          nicolae_ru_sacrificial_ziggurat, zin_angel, minmay_shop_chei,
          roderic_nine_men_s_morris, minmay_crossroads

Skill      XL: |  1  2  3  4  5  6  7 |
---------------+----------------------+-----
Fighting       | 4 5 6 |  6.2
Shields        | 4 5 6 |  6.2
Armour         | 4 5 6 |  6.2
Axes           | 3 5 6 7 |  7.1
Dodging        | 1 |  1.0
Stealth        | |  0.1

Action                   |  1- 3 |  4- 6 |  7- 9 || total
-------------------------+-------+-------+-------++-------
Melee: War axe           |    76 |   116 |    34 ||   226
       Headbutt          |    11 |    17 |     6 ||    34
  Use: Scroll            |     3 |       |       ||     3
       Potion            |       |     1 |     1 ||     2
Armor: Scale mail        |    48 |    28 |    16 ||    92
Dodge: Dodged            |    31 |    38 |    10 ||    79
Block: Kite shield       |    49 |    63 |    29 ||   141

Table legend: (Time is in decaauts)
 A = Elapsed time spent in this place.
 B = Non-inter-level travel time spent in this place.
 C = Inter-level travel time spent in this place.
 D = Time resting spent in this place.
 E = Time spent auto-exploring this place.
 F = Levels seen in this place.
 G = Mean time per level.
                   A        B        C        D        E       F      G
               +--------+--------+--------+--------+--------+-----+--------+
         Total |   4587 |   4357 |    230 |    823 |   2880 |   6 |  764.5 |
       Dungeon |   4587 |   4357 |    230 |    823 |   2880 |   6 |  764.5 |
               +--------+--------+--------+--------+--------+-----+--------+

Top non-repeatable levels by time:
     D:4: 1349 daAuts
     D:3: 1276 daAuts
     D:5: 763 daAuts
     D:2: 619 daAuts
     D:1: 541 daAuts
     D:8: 37 daAuts
